 Dungeon Crawl Stone Soup version 0.21.1-1-g345015fe64 (webtiles) character file.

1750 akantor980 the Poker (level 8, 0/64 HPs)
             Began as a Demonspawn Abyssal Knight on Feb 21, 2018.
             Was a Priest of Lugonu.
             Slain by an orc warrior
             ... wielding a +0 long sword
              (16 damage)
             ... on level 7 of the Dungeon.
             The game lasted 00:44:43 (4406 turns).

akantor980 the Poker (Demonspawn Abyssal Knight)    Turns: 4406, Time: 00:44:43

Health: 0/64       AC: 14    Str: 14    XL:     8   Next: 78%
Magic:  9/10       EV: 12    Int: 13    God:    Lugonu [***...]
Gold:   317        SH:  4    Dex: 14    Spells: 7/7 levels left

rFire    + . .     SeeInvis .   a - +1 spear
rCold    . . .     Gourm    .   p - +0 buckler
rNeg     . . .     Faith    .   i - +2 ring mail {rF+}
rPois    .         Spirit   .   (helmet restricted)
rElec    .         Reflect  .   f - +2 cloak
rCorr    .         Harm     .   (no gloves)
MR       +....                  u - +0 pair of boots
Stlth    +.........             k - amulet of regeneration
HPRegen  0.60/turn              h - ring of protection from magic
MPRegen  0.12/turn              s - +1 ring of evasion

@: drained
A: antennae 2, yellow scales 1, blink, spiny 1, no potion heal 1, MP-powered
wands
a: Blink, Depart the Abyss, Bend Space, Banish, Renounce Religion


You were on level 7 of the Dungeon.
You worshipped Lugonu.
Lugonu was most pleased with you.
You were not hungry.

You visited 2 branches of the dungeon, and saw 8 of its levels.
You visited the Abyss 1 time.

You collected 317 gold pieces.

Inventory:

Hand Weapons
 a - a +1 spear (weapon)
 F - a +0 scythe
 H - a +2 short sword
 I - a +2 trident of freezing
 J - a cursed +2 mace
 K - a +4 short sword
Missiles
 b - 7 tomahawks of dispersal (quivered)
 C - 6 javelins of returning
Armour
 f - a +2 cloak (worn)
 i - a +2 ring mail of fire resistance (worn)
 p - a +0 buckler (worn)
 u - a +0 pair of boots (worn)
 G - a +0 robe
Jewellery
 d - a +2 amulet of reflection
 e - a -6 ring of protection
 h - a ring of protection from magic (left hand)
 j - an uncursed ring of poison resistance
 k - an amulet of regeneration (around neck)
 s - a +1 ring of evasion (right hand)
 D - a -3 ring of intelligence
 L - a cursed amulet of inaccuracy {unknown}
Wands
 A - a wand of random effects (44)
 B - a wand of acid (5)
Scrolls
 r - a scroll of blinking
 y - 2 scrolls of remove curse
 z - a scroll of identify
 E - 2 scrolls of teleportation
Potions
 g - a potion of degeneration
 l - 2 potions of flight {unknown}
 m - a potion of ambrosia {unknown}
 n - a potion of resistance {unknown}
 o - a potion of haste {unknown}
 q - 4 potions of curing
 t - a potion of invisibility {unknown}
 v - a potion of heal wounds {unknown}
 w - a potion of lignification {unknown}
 x - a potion of brilliance {unknown}
Comestibles
 c - 9 rations


   Skills:
 + Level 5.7(5.2) Fighting
 + Level 6.3(5.8) Polearms
 + Level 5.4(4.9) Armour
 + Level 3.6(3.1) Dodging
 + Level 0.8(0.4) Stealth
 + Level 2.0(1.6) Shields
 + Level 3.1(2.6) Invocations


You had 7 spell levels left.
You didn't know any spells.

Dungeon Overview and Level Annotations

Branches:
Dungeon (7/15)             Temple (1/1) D:4

Altars:
Ashenzari
Gozag
Hepliaklqana
Nemelex Xobeh
Okawaru
Ru
Uskayaw
Vehumet
Wu Jian
Yredelemnul
Zin
The Shining One


Innate Abilities, Weirdness & Mutations

You have a pair of antennae on your head.
You are partially covered in yellow scales. (AC +2)
You are partially covered in sharp spines.
You can translocate small distances at will.
Potions are less effective at restoring your health.
You expend magic power (3 MP) to strengthen your wands.


Message History

You hit the orc priest.
You kill the orc priest!
Lugonu accepts your kill.
You hit the orc warrior but do no damage.
The orc warrior is moderately wounded.
The orc warrior misses you.
You hit the orc warrior but do no damage.
The orc warrior is moderately wounded.
The orc warrior hits you with a long sword!
* * * LOW HITPOINT WARNING * * *
Space bends around you!
You blink.
There is a stone staircase leading down here.
Space bends around you!
You blink.
The orc warrior is struck by your spines.
The orc warrior hits you with a long sword.
* * * LOW HITPOINT WARNING * * *
There is a stone staircase leading up here.
You can't go down here!
The orc warrior hits you with a long sword!
You die...

{ { #.. #.#
############# #'####
#>........... .....
#.##..####### ....
#.##........#.# (..
#####..............
#'####......#...o..#.#
#ยง)..'......'...@..#
######......##..##.#
#......##.......
#......##.#####.#
#########.. .# ### #


You could see an orc warrior.

Vanquished Creatures
  Grinder (D:5)
  Sigmund (D:6)
  Eustachio (D:4)
  Duvessa (D:4)
  An ice beast (D:5)
  A necrophage (D:6)
  An ogre (D:4)
  3 bullfrogs
  Dowan (D:4)
  A scorpion (D:4)
  5 wights (D:6)
  2 orc priests (D:7)
  A bullfrog skeleton (D:4)
  2 worker ants
  Natasha (thrice) (D:3)
  An iguana (D:6)
  A killer bee zombie (D:5)
  7 adders
  2 shadow imps (D:6)
  A worm (D:3)
  4 dart slugs
  3 leopard geckos
  7 orcs
  4 bats
  A giant cockroach (D:5)
  9 goblins
  3 hobgoblins
  4 jackals
  2 quokkas
  6 frilled lizards
  8 kobolds
  12 rats
100 creatures vanquished.

Notes
Turn   | Place    | Note
-------+----------+-------------------------------------------
     0 | Abyss:1  | akantor980 the Demonspawn Abyssal Knight began the quest for the Orb.
     0 | Abyss:1  | Reached XP level 1. HP: 18/18 MP: 2/2
    22 | D:1      | Escaped the Abyss
   115 | D:1      | Gained mutation: You have a pair of small antennae on your head. [demonic ancestry]
   115 | D:1      | Reached XP level 2. HP: 24/24 MP: 3/3
   484 | D:1      | Gained mutation: Potions are less effective at restoring your health. [potion of mutation]
   484 | D:1      | Gained mutation: You expend magic power (3 MP) to strengthen your wands. [potion of mutation]
   484 | D:1      | Gained mutation: You can translocate small distances at will. [potion of mutation]
   531 | D:1      | Reached skill level 2 in Polearms
   600 | D:1      | Reached ** piety under Lugonu
   602 | D:1      | Gained mutation: You are partially covered in sharp spines. [demonic ancestry]
   602 | D:1      | Reached XP level 3. HP: 30/30 MP: 4/4
  1565 | D:3      | Gained mutation: You have a pair of antennae on your head. [demonic ancestry]
  1565 | D:3      | Reached XP level 4. HP: 21/37 MP: 6/6
  1596 | D:3      | Noticed Natasha
  1613 | D:3      | Killed Natasha
  1756 | D:3      | Noticed Natasha
  1771 | D:3      | Killed Natasha
  1771 | D:3      | Reached skill level 3 in Polearms
  1791 | D:3      | Found a glowing golden altar of the Shining One.
  1791 | D:3      | Found an ornate altar of the Wu Jian Council.
  1971 | D:3      | Noticed Natasha
  1978 | D:3      | Killed Natasha
  1978 | D:3      | Gained mutation: You are partially covered in yellow scales. (AC +2) [demonic ancestry]
  1978 | D:3      | Reached XP level 5. HP: 43/43 MP: 7/7
  2087 | D:4      | Noticed Dowan
  2129 | D:4      | Killed Dowan
  2137 | D:4      | Reached skill level 4 in Polearms
  2198 | D:4      | Found a shattered altar of Ashenzari.
  2198 | D:4      | Found a glowing silver altar of Zin.
  2277 | D:4      | Noticed Eustachio
  2278 | D:4      | Noticed an ogre
  2279 | D:4      | Noticed Duvessa
  2307 | D:4      | Found a hide-covered altar of Uskayaw.
  2407 | D:4      | Reached XP level 6. HP: 40/49 MP: 8/8
  2541 | D:4      | Found a staircase to the Ecumenical Temple.
  2545 | Temple   | Entered the Ecumenical Temple
  2628 | D:4      | Found an iron altar of Okawaru.
  2667 | D:4      | Killed Duvessa
  2667 | D:4      | Reached skill level 1 in Dodging
  2740 | D:4      | Killed Eustachio
  2740 | D:4      | Reached XP level 7. HP: 53/55 MP: 9/9
  2867 | D:4      | Reached skill level 1 in Shields
  3002 | D:5      | Entered Level 5 of the Dungeon
  3038 | D:5      | Reached *** piety under Lugonu
  3110 | D:5      | Reached skill level 5 in Polearms
  3214 | D:5      | Noticed Grinder
  3257 | D:5      | Killed Grinder
  3257 | D:5      | Reached skill level 5 in Fighting
  3617 | D:5      | Reached XP level 8. HP: 35/62 MP: 10/10
  3732 | D:6      | Noticed Sigmund
  3742 | D:6      | Killed Sigmund
  3873 | D:6      | Reached skill level 5 in Armour
  3892 | D:6      | Found a radiant altar of Vehumet.
  3892 | D:6      | Found an opulent altar of Gozag.
  3990 | D:6      | Reached skill level 6 in Polearms
  4173 | D:6      | Found a sparkling altar of Nemelex Xobeh.
  4406 | D:7      | Slain by an orc warrior

Skill      XL: |  1  2  3  4  5  6  7  8 |
---------------+-------------------------+-----
Polearms       | 2 3 4 5 6 |  6.3
Armour         | 2 3 4 5 |  5.4
Fighting       | 4 5 |  5.7
Dodging        | 1 2 3 |  3.6
Invocations    | 3 |  3.1
Shields        | 1 2 |  2.0
Stealth        | |  0.8

Action                   |  1- 3 |  4- 6 |  7- 9 || total
-------------------------+-------+-------+-------++-------
Melee: Spear             |   167 |   190 |   178 ||   535
       Scythe            |       |       |    15 ||    15
Invok: Bend Space        |       |     3 |     2 ||     5
  Use: Scroll            |     7 |     5 |     3 ||    15
       Potion            |     1 |       |     1 ||     2
  Eat: Ration            |     1 |       |     3 ||     4
Armor: Plate armour      |   110 |    89 |       ||   199
       Ring mail         |       |    39 |    59 ||    98
Dodge: Dodged            |    27 |    61 |    88 ||   176
Block: Buckler           |       |    29 |    27 ||    56
